Map: Bel'Shir Vestige LE (Void)

Players

Emer

  • Race: Protoss Protoss
  • League: Master
  • Spawn Location: 11:00

GipsyDanger - Winner!

  • Race: Terran Terran
  • League: Master
  • Spawn Location: 5:00

VOD

Have the link to the VOD?

Description

Time

  • Played on: Jan. 25, 2017, 4:22 p.m.
  • Length: 8:42
Show
View Real Time Build Order
Export as new Build Order

Emer Protoss 

Build Orders: 1 Gate Expand, Blink Stalkers 

Get SALT Encoding   

  12  0:02  Probe (Chrono Boost)  
  13  0:12  Probe (Chrono Boost)  
  14  0:19  Pylon  
  14  0:23  Probe (Chrono Boost)  
  15  0:37  Gateway  
  15  0:38  Probe (Chrono Boost)  
  16  0:45  Assimilator  
  16  0:48  Probe (Chrono Boost)  
  17  0:59  Probe (Chrono Boost)  
  18  1:09  Probe (Chrono Boost)  
  19  1:20  Probe (Chrono Boost)  
  20  1:28  Nexus  
  20  1:32  Cybernetics Core  
  20  1:34  Probe (Chrono Boost)  
  20  1:44  Pylon  
  20  1:46  Probe (Chrono Boost)  
  21  1:53  Assimilator  
  21  1:57  Probe (Chrono Boost)  
  24  2:08  Mothership Core (Chrono Boost)  
  24  2:15  Adept  
  26  2:26  Warp Gate  
  26  2:28  Probe (Chrono Boost)  
  27  2:39  Probe (Chrono Boost)  
  27  2:41  Probe (Chrono Boost)  
  27  2:43  Pylon  
  29  2:49  Probe (Chrono Boost)  
  30  2:54  Stalker  
  30  2:55  Probe (Chrono Boost)  
  33  3:02  Robotics Facility  
  33  3:05  Probe (Chrono Boost)  
  34  3:06  Probe (Chrono Boost)  
  34  3:09  Assimilator  
  35  3:16  Probe (Chrono Boost)  
  35  3:17  Twilight Council  
  36  3:21  Probe (Chrono Boost)  
  36  3:26  Probe (Chrono Boost)  
  36  3:27  Pylon  
  38  3:30  Stalker  
  38  3:33  Probe (Chrono Boost)  
  41  3:37  Probe (Chrono Boost)  
  42  3:43  Blink  
  42  3:44  Probe (Chrono Boost)  
  42  3:47  Probe (Chrono Boost)  
  44  3:50  Observer  
  44  3:54  Probe (Chrono Boost)  
  46  3:59  Probe (Chrono Boost)  
  47  4:02  Stalker  
  47  4:05  Probe (Chrono Boost)  
  47  4:09  Gateway  
  50  4:10  Gateway  
  50  4:16  Probe (Chrono Boost)  
  51  4:17  Probe (Chrono Boost), Assimilator  
  51  4:21  Observer  
  53  4:35  Probe x2 (Chrono Boost)  
  55  4:43  Stalker  
  55  4:45  Probe (Chrono Boost)  
  58  4:46  Observer  
  58  4:47  Probe (Chrono Boost)  
  58  4:48  Pylon  
  60  4:56  Probe (Chrono Boost)  
  60  4:59  Probe (Chrono Boost), Pylon  
  62  5:04  Gateway  
  62  5:07  Gateway, Stalker x2  
  66  5:23  Gateway  
  66  5:24  Adept  
  66  5:28  Pylon  
  68  5:31  Pylon  
  68  5:39  Adept  
  68  5:40  Adept  
  72  5:46  Adept  
  60  6:00  Stalker x2  
  46  6:16  Adept  
  44  6:25  Adept  
  48  6:28  Adept x4  
  52  6:45  Nexus  
  52  6:50  Nexus  
  52  6:54  Stalker  
  52  6:55  Stalker  
  52  6:56  Stalker  
  59  7:09  Probe (Chrono Boost)  
  59  7:15  Pylon  
  59  7:16  Adept x2  
  63  7:33  Stalker  
  63  7:35  Stalker  
  67  7:40  Probe (Chrono Boost)  
  68  7:53  Forge  
  69  8:00  Probe (Chrono Boost)  
  69  8:01  Robotics Bay  
  69  8:06  Adept  
  71  8:16  Probe (Chrono Boost)  
  71  8:17  Probe (Chrono Boost)  
  71  8:18  Probe (Chrono Boost)  
  75  8:27  Probe (Chrono Boost)  
  75  8:28  Probe (Chrono Boost)  
  75  8:30  Probe (Chrono Boost)  
  77  8:39  Adept  
Show
View Real Time Build Order
Export as new Build Order

GipsyDanger Terran - Winner!

Build Orders: Reaper Expand, MMM Bio 

Get SALT Encoding   

  12  0:01  SCV  
  13  0:14  SCV  
  14  0:17  Supply Depot  
  14  0:26  SCV  
  15  0:39  SCV  
  15  0:40  Barracks  
  16  0:45  Refinery  
  16  0:51  SCV  
  17  1:03  SCV  
  18  1:15  SCV  
  19  1:31  Reaper  
  20  1:33  Orbital Command  
  20  1:47  Command Center  
  20  1:59  Barracks  
  20  2:03  Barracks Reactor  
  20  2:05  SCV  
  21  2:16  Supply Depot  
  21  2:18  SCV  
  22  2:25  Barracks  
  22  2:31  SCV  
  23  2:40  Marine x2  
  23  2:43  SCV  
  26  2:51  Bunker  
  26  2:53  Barracks Tech Lab  
  26  2:54  Engineering Bay  
  26  2:55  SCV  
  27  2:59  Marine  
  27  3:00  Marine  
  29  3:09  Orbital Command  
  29  3:13  Barracks Tech Lab  
  29  3:16  Stimpack  
  29  3:20  SCV  
  29  3:25  Marine, Terran Infantry Weapons Level 1  
  31  3:28  Marine  
  31  3:32  SCV  
  33  3:36  Marine  
  33  3:37  Marine  
  33  3:40  SCV  
  36  3:45  SCV, Supply Depot  
  36  3:48  Marine x2  
  38  3:52  SCV  
  38  3:55  Combat Shields  
  40  3:57  SCV  
  40  3:59  Missile Turret  
  40  4:00  Marine  
  40  4:01  Marine  
  43  4:06  Missile Turret  
  43  4:10  Marine  
  43  4:12  Marine  
  45  4:19  Marauder x2  
  45  4:21  Supply Depot  
  45  4:23  SCV x2  
  51  4:29  Marine  
  51  4:30  Marine  
  53  4:37  Refinery  
  53  4:38  Supply Depot  
  53  4:39  SCV  
  53  4:43  Marauder x2  
  58  4:46  SCV  
  58  4:50  Marine x2  
  58  4:51  SCV  
  62  4:59  Command Center  
  62  5:06  Marine x2  
  64  5:08  Marine  
  64  5:10  Factory  
  65  5:22  SCV  
  65  5:25  Refinery  
  65  5:26  Barracks, Refinery  
  65  5:27  Barracks  
  66  5:30  SCV  
  66  5:35  Concussive Shells  
  67  5:36  Terran Infantry Armor Level 1  
  67  5:38  Marine x3  
  70  5:44  Supply Depot  
  70  5:47  Marine  
  69  5:55  Marine  
  69  5:56  Marine  
  53  6:08  Marine x2  
  51  6:16  Marine x2  
  51  6:18  Marine x2  
  52  6:21  SCV x3  
  55  6:26  Marine, Marauder  
  58  6:34  Marine x2  
  58  6:36  Marine x2  
  58  6:39  SCV  
  56  6:42  Starport  
  56  6:43  Factory Reactor  
  56  6:44  Marauder  
  58  6:47  Marine  
  58  6:50  SCV  
  58  6:52  Marine x2  
  60  6:54  SCV  
  60  6:58  Barracks Tech Lab  
  60  7:00  Barracks Reactor  
  61  7:03  SCV, Missile Turret  
  61  7:04  Missile Turret  
  61  7:05  Marine  
  61  7:06  SCV, Marauder  
  66  7:10  Marine  
  66  7:14  Supply Depot  
  66  7:26  Marine  
  66  7:27  Marine, Armory, Marauder  
  66  7:28  Marine, Marauder  
  66  7:29  Factory Reactor  
  73  7:32  SCV  
  74  7:41  Medivac x2  
  74  7:44  Marine  
  78  7:45  Marine, Missile Turret  
  78  7:47  Orbital Command  
  78  7:48  SCV  
  78  7:49  SCV  
  82  7:59  Marine, Marauder  
  82  8:01  SCV  
  86  8:07  Supply Depot  
  86  8:11  Viking, Medivac  
  90  8:19  SCV  
  95  8:22  Supply Depot  
  95  8:23  SCV  
  95  8:24  SCV  
  97  8:33  Engineering Bay  
Tags
 
Add a new tag
Caveats
  • Supply blocks, unpowered buildings, or Contaminate may cause inaccurate times.
  • Supply counts are checked every 10 seconds.